 Dungeon Crawl Stone Soup version 0.30-a0-404-g0b3c3f4973 (webtiles) character file.

Game seed: 3451069112873273894

2166 MackTheKnife the Summoner (level 9, -7/99 (108) HPs)
             Began as a Naga Ice Elementalist on Dec 7, 2022.
             Mangled by a wight
             ... wielding a +4 great sword
              (11 damage)
             ... on level 6 of the Dungeon.
             The game lasted 00:13:26 (6664 turns).

MackTheKnife the Summoner (Naga Ice Elementalist)   Turns: 6664, Time: 00:13:26

HP:   -7/99 (108)   AC: 14    Str: 10    XL:     9   Next: 32%
MP:   5/17          EV:  8    Int: 23    God:
Gold: 202           SH:  0    Dex: 17    Spells: 11/19 levels left

rFire   + . .      SeeInvis +    J - +4 short sword {short}
rCold   . . .      Faith    .    (no shield)
rNeg    . . .      Spirit   .    a - +0 robe
rPois   +          Reflect  .    (no helmet)
rElec   .          Harm     .    m - +2 cloak
rCorr   .          Rampage  .    o - +0 pair of gloves
Will    +....                    t - +2 barding
Stlth   ..........               (no amulet)
HPRegen 0.36/turn                b - +6 ring of dexterity
MPRegen 0.15/turn                (no ring)

@: berserking, drained, quick
A: AC +3, large, see invisible, deformed body, poison resistance, slowness 2,
spit poison 1, naga tail 1, clever 1, fire resistance 1
a: Spit Poison


You were on level 6 of the Dungeon.
You visited 1 branch of the dungeon, and saw 6 of its levels.

You collected 202 gold pieces.


Innate Abilities, Weirdness & Mutations

Your serpentine skin is tough. (AC +3)
You have supernaturally acute eyesight. (SInv)
Armour fits poorly on your strangely shaped body.
Your system is resistant to poisons. (rPois)
You cover ground very slowly.
You can spit poison.
You have a snake-like lower body.
Your mind is acute. (Int +4, Str/Dex -1)
Your flesh is heat resistant. (rF+)


   Skills:
 + Level 1.6 Fighting
 - Level 1.5 Dodging
 - Level 3.0 Stealth
 - Level 5.5 Spellcasting
 - Level 8.7 Summonings
 - Level 7.0 Ice Magic


You had 11 spell levels left.
You knew the following spells:

 Your Spells              Type           Power      Damage    Failure   Level
a - Frozen Ramparts       Ice            76%        1d12      1%          3
b - Summon Ice Beast      Ice/Summ       42%        N/A       3%          4
z - Freeze                Ice            100%       1d10      1%          1

Your spell library contained the following spells:

 Spells                   Type           Power      Damage    Failure   Level
 Ozocubu's Armour         Ice            38%        N/A       1%          3

Inventory:

Hand Weapons
 J - a +4 short sword (weapon) {short}
   (You took it off an orc on level 4 of the Dungeon)
Missiles
 d - 5 poisoned darts {throwing}
 i - 5 stones {throwing}
 n - 2 boomerangs {throwing}
Armour
 a - a +0 robe (worn)
 e - a +0 ring mail
   (You took it off a hobgoblin on level 4 of the Dungeon)
 g - a +0 chain mail
   (You found it on level 1 of the Dungeon)
 h - a +0 robe
   (You found it on level 1 of the Dungeon)
 k - a +0 scale mail
   (You found it on level 5 of the Dungeon)
 m - a +2 cloak (worn)
   (You found it on level 1 of the Dungeon)
 o - a +0 pair of gloves (worn)
   (You found it on level 5 of the Dungeon)
 s - a +0 chain mail
   (You found it on level 2 of the Dungeon)
 t - a +2 barding (worn)
   (You found it on level 2 of the Dungeon)
 y - a +0 leather armour
   (You found it on level 2 of the Dungeon)
 A - a +0 leather armour
   (You found it on level 2 of the Dungeon)
 C - a +0 robe
   (You took it off Sigmund on level 4 of the Dungeon)
 F - a +0 leather armour
   (You took it off an orc priest on level 4 of the Dungeon)
 G - a +0 leather armour of cold resistance
   (You took it off an orc on level 4 of the Dungeon)
 H - a +0 ring mail
   (You took it off an orc on level 4 of the Dungeon)
 I - a +0 robe
   (You took it off an orc wizard on level 4 of the Dungeon)
 N - a +0 scale mail
   (You took it off an orc on level 4 of the Dungeon)
 O - a +0 leather armour
   (You found it on level 4 of the Dungeon)
 P - a +0 ring mail
   (You found it on level 4 of the Dungeon)
 T - a +0 robe
   (You took it off an orc on level 5 of the Dungeon)
 U - a +0 leather armour
   (You took it off an orc on level 5 of the Dungeon)
 V - the +1 leather armour of a Labyrinth {rPois Dex+3}
   (You found it on level 5 of the Dungeon)

   Dex:       It affects your dexterity (+3).
   rPois:     It protects you from poison.
 W - a +0 robe
   (You found it on level 5 of the Dungeon)
 Y - a +0 leather armour
   (You took it off an orc on level 5 of the Dungeon)
 Z - a +0 robe
   (You took it off a gnoll bouda on level 5 of the Dungeon)
Magical Staves
 l - a staff of conjuration {!a@e2staff}
   (You found it on level 1 of the Dungeon)
Jewellery
 b - a +6 ring of dexterity (left hand)
   (You found it on level 4 of the Dungeon)
 u - the ring "Haulasou" {rElec rC++ Will+ Str+6 Int-5}
   (You acquired it on level 5 of the Dungeon)

   [ring of strength]

   Str:       It affects your strength (+6).
   Int:       It affects your intelligence (-5).
   rC:        It greatly protects you from cold.
   rElec:     It insulates you from electricity.
   Will:      It increases your willpower.
 K - an amulet of magic regeneration {@e2}
   (You took it off a hobgoblin on level 4 of the Dungeon)
Wands
 c - a wand of iceblast (9)
   (You found it on level 5 of the Dungeon)
Scrolls
 p - 2 scrolls of teleportation {@r4}
 x - a scroll of enchant weapon
 E - 2 scrolls of fog
Potions
 f - 2 potions of cancellation
 j - 4 potions of lignification {!q}
 q - 4 potions of curing {@q1}
 r - 2 potions of mutation {!q}
 v - a potion of berserk rage {!q}
 B - a potion of haste {@q3}
 L - a potion of flight
 Q - a potion of invisibility {unknown}
 S - 2 potions of brilliance

Dungeon Overview and Level Annotations

Branches:
Dungeon (6/15) Zot: 25867
 Temple: D:4-7

Altars:
Dithmenos
Fedhas
Makhleb
Qazlal
Trog

#§ #. ..# #.# #§ #
#.# #.###### §z
#.## #.. #.......
.§ ... #.#
#.###### ..
#.##.########.#
#.##.............#
#.......##########
#.########.#
#.....†.z@.#
############


You could see a wight.


Message History

😕 HP[-1]
You take 1 damage, and now have 62/68 hp.
You hit the wight but do no damage.
The wight hits you but does no damage. 😕 HP[+1]
You puncture the wight!
You destroy the wight! 😕 HP[+2]
You now have 71 max hp (+3).
You regained 2 hp, and now have 65/71 hp.
You hit the wight but do no damage. The wight closely misses you.
You hit the wight.
The wight hits you with a +4 great sword. 😕 HP[-1]
You take 1 damage, and now have 64/71 hp.
You barely miss the wight.
The wight closely misses you. 😕 HP[+1] MP[+1]
You hit the wight but do no damage.
The wight hits you with a +4 great sword! 😕 HP[-8]
You take 8 damage, and now have 57/71 hp.
You puncture the wight! The wight hits you but does no damage.
You barely miss the wight.
The wight hits you with a +4 great sword!
You feel drained. 😮 HP[-11]
You now have 69 max hp (-2).
You take 11 damage, and now have 46/69 hp.
Casting: Freeze (safe; 1% risk of failure)
Confirm with . or Enter, or press ? or * to list all spells.
Aiming: Freeze (safe; 1% risk of failure)
Press: ? - help, Shift-Dir - straight line, f - wight
Aim: a wight, wielding a +4 great sword and wearing a +0 robe (severely damaged)
You freeze the wight.
The wight resists.
The wight hits you with a +4 great sword!
* * * LOW HITPOINT WARNING * * *
😨 HP[-17] MP[-1]
You take 17 damage, and now have 29/69 hp.
MASSIVE DAMAGE!! (PAUSE)
You lost 1 mp, and now have 7/17 mp.
Casting: Freeze (safe; 1% risk of failure)
Confirm with . or Enter, or press ? or * to list all spells.
Aiming: Freeze (safe; 1% risk of failure)
Press: ? - help, Shift-Dir - straight line, f/p - wight
Aim: a wight, wielding a +4 great sword and wearing a +0 robe (almost destroyed)
You freeze the wight but do no damage.
The wight completely resists.
The wight hits you with a +4 great sword!
* * * LOW HITPOINT WARNING * * *
😨 HP[-7] MP[-1]
You take 7 damage, and now have 22/69 hp.
You lost 1 mp, and now have 6/17 mp.
Casting: Freeze (safe; 1% risk of failure)
Confirm with . or Enter, or press ? or * to list all spells.
Aiming: Freeze (safe; 1% risk of failure)
Press: ? - help, Shift-Dir - straight line, f/p - wight
Aim: a wight, wielding a +4 great sword and wearing a +0 robe (almost destroyed)
You freeze the wight but do no damage.
The wight completely resists.
The wight hits you but does no damage. 😨 HP[+1]
Aiming: Spit Poison (1% risk of failure)
Press: ? - help, Shift-Dir - straight line, f - you, p - wight That beam is likely to hit you.
Continue anyway? [Y]es or [N]o only, please.
That beam is likely to hit you.
Continue anyway? [Y]es or [N]o only, please.
That beam is likely to hit you.
Continue anyway?
Okay, then.
Unknown command.
Unknown command.
Casting: Freeze (safe; 1% risk of failure)
Confirm with . or Enter, or press ? or * to list all spells.
Aiming: Freeze (safe; 1% risk of failure)
Press: ? - help, Shift-Dir - straight line, f - wight
Aim: a wight, wielding a +4 great sword and wearing a +0 robe (almost destroyed)
You freeze the wight but do no damage.
The wight completely resists.
The wight hits you with a +4 great sword.
* * * LOW HITPOINT WARNING * * *
You feel drained. 😨 HP[-2] MP[-1]
You now have 68 max hp (-1).
You take 2 damage, and now have 21/68 hp.
You lost 1 mp, and now have 5/17 mp.
You hit the wight but do no damage.
The wight hits you with a +4 great sword!
* * * LOW HITPOINT WARNING * * *
You feel drained.
* * * LOW HITPOINT WARNING * * *
😱 HP[-10]
You now have 66 max hp (-2).
You take 10 damage, and now have 11/66 hp.
You barely miss the wight.
The wight hits you with a +4 great sword!
* * * LOW HITPOINT WARNING * * *
😱 HP[-8]
You take 8 damage, and now have 3/66 hp.
Unknown command.
Really quaff
v - 2 potions of berserk rage {!q}?
A red film seems to cover your vision as you go berserk!
You feel yourself moving faster!
You feel mighty!
The wight hits you with a +4 great sword!
You die...

Skill      XL: |  1  2  3  4  5  6  7  8  9 |
---------------+----------------------------+-----
Spellcasting   | 3 4 5 |  5.5
Ice Magic      | 5 6 7 |  7.0
Summonings     | 1 2 3 4 7 8 |  8.7
Fighting       | 1 |  1.6
Dodging        | |  1.5
Stealth        | |  3.0

Action                   |  1- 3 |  4- 6 |  7- 9 || total
-------------------------+-------+-------+-------++-------
Melee: Morningstar       |     8 |       |       ||     8
       Unarmed           |     1 |       |       ||     1
       Short sword       |    26 |     6 |    42 ||    74
       Punch             |       |       |     1 ||     1
 Cast: Freeze            |    47 |    42 |    95 ||   184
       Frozen Ramparts   |       |     8 |    27 ||    35
       Summon Ice Beast  |       |       |     1 ||     1
 Abil: Spit Poison       |    12 |    21 |    10 ||    43
  Use: Scroll            |       |     2 |    17 ||    19
       Potion            |       |       |     5 ||     5
 Stab: Sleeping          |     2 |     1 |     2 ||     5
Armor: Robe              |    46 |    28 |    55 ||   129
Dodge: Dodged            |    50 |    18 |    54 ||   122

Levels and vault maps discovered:
D:1:      psy_arrival_spokes, layout_basic, grunt_decor_cap
D:2:      layout_basic, serial_forest, infiniplex_forest_lined_corner,
          infiniplex_forest_split, infiniplex_forest_lined_room_2,
          infiniplex_forest_zigzag_2, infiniplex_forest_straight_3,
          infiniplex_forest_pool, infiniplex_forest_diagonal,
          infiniplex_forest_clump_double, infiniplex_forest_lined_3,
          reono_crystal_passage, kennysheep_generic_room_10
D:3:      layout_basic, grunt_qazlal_sundering, uniq_natasha
D:4:      minmay_spotlight, layout_rooms, nicolae_overflow_crystal_walls,
          nicolae_overflow_two_pavilions, serial_bayou_lake_a, uniq_sigmund,
          uniq_crazy_yiuf_cottage, uniq_grinder
D:5:      layout_loops_corners
D:6:      layout_loops_ring, nicolae_tso_carved_into_rock,
          grunt_dithmenos_smoke, mainiacjoe_overflow_alcove_2

Notes
Turn   | Place    | Note
-------+----------+-------------------------------------------
     0 | D:1      | MackTheKnife the Naga Ice Elementalist began the quest for
                  | the Orb.
     0 | D:1      | Reached XP level 1. HP: 15/15 MP: 3/3
     0 | D:1      | magus.rc [v1.9.6]
   157 | D:1      | Reached XP level 2. HP: 21/22 MP: 3/5
   616 | D:1      | Reached XP level 3. HP: 24/28 MP: 6/6
   690 | D:1      | Learned a level 3 spell: Frozen Ramparts
  1433 | D:2      | Reached skill level 3 in Spellcasting
  1433 | D:2      | Reached XP level 4. HP: 36/36 MP: 5/8
  1749 | D:2      | Learned a level 4 spell: Summon Ice Beast
  2173 | D:2      | Reached skill level 5 in Ice Magic
  2360 | D:3      | Reached skill level 1 in Summonings
  2360 | D:3      | Reached XP level 5. HP: 42/42 MP: 8/10
  2518 | D:3      | Noticed Natasha
  2523 | D:3      | Killed Natasha
  2642 | D:3      | Noticed Natasha
  2647 | D:3      | Killed Natasha
  2739 | D:3      | Noticed Natasha
  2745 | D:3      | Killed Natasha
  2809 | D:3      | Reached skill level 2 in Summonings
  2988 | D:3      | Found a stormy altar of Qazlal.
  3229 | D:4      | Noticed Sigmund
  3239 | D:4      | Killed Sigmund
  3240 | D:4      | Reached skill level 4 in Spellcasting
  3240 | D:4      | Reached XP level 6. HP: 49/49 MP: 1/12
  3355 | D:4      | Found a blossoming altar of Fedhas.
  3355 | D:4      | Found a bloodstained altar of Trog.
  3435 | D:4      | Found a burning altar of Makhleb.
  3494 | D:4      | Reached skill level 3 in Summonings
  3494 | D:4      | Reached XP level 7. HP: 28/55 MP: 9/13
  3603 | D:4      | Reached skill level 6 in Ice Magic
  3811 | D:4      | Noticed Grinder
  3817 | D:4      | Paralysed by Grinder for 4 turns
  3835 | D:4      | Killed Grinder
  3920 | D:4      | Reached skill level 5 in Spellcasting
  3920 | D:4      | Reached skill level 4 in Summonings
  4153 | D:4      | Reached XP level 8. HP: 62/62 MP: 11/15
  4515 | D:5      | Entered Level 5 of the Dungeon
  4734 | D:5      | Identified the +1 leather armour of a Labyrinth {rPois
                  | Dex+3}
  5338 | D:5      | Reached skill level 7 in Ice Magic
  5419 | D:5      | Reached skill level 5 in Summonings
  5688 | D:5      | Identified a scroll of acquirement
  5688 | D:5      | Acquired the ring "Haulasou" {rElec rC++ Will+ Str+6 Int-5}
  5809 | D:6      | Reached skill level 6 in Summonings
  6037 | D:6      | Found a shadowy altar of Dithmenos.
  6067 | D:6      | Noticed a troll
  6131 | D:6      | Reached skill level 7 in Summonings
  6131 | D:6      | Gained mutation: Your mind is acute. (Int +4, Str/Dex -1)
                  | [potion of mutation]
  6131 | D:6      | Gained mutation: Your flesh is heat resistant. (rF+)
                  | [potion of mutation]
  6158 | D:6      | Killed a troll
  6159 | D:6      | Reached XP level 9. HP: 57/68 MP: 9/17
  6257 | D:6      | Reached skill level 8 in Summonings
  6641 | D:6      | Reached skill level 1 in Fighting
  6662 | D:6      | HP: 12/68 [wight/+4 great sword (9)]
  6663 | D:6      | HP: 3/66 [wight/+4 great sword (9)]
  6664 | D:6      | Mangled by a wight

Vanquished Creatures
  A troll (D:6)
  Grinder (D:4)
  Sigmund (D:4)
  A water moccasin (D:6)
  A sky beast (D:6)
  An ogre (D:6)
  A kobold brigand (D:6)
  A bullfrog (D:6)
  5 scorpions
  2 wights (D:6)
  2 howler monkeys (D:6)
  3 jellies
  An orc priest (D:4)
  A gnoll bouda (D:5)
  2 hounds (D:6)
  4 iguanas (D:4)
  Natasha (thrice) (D:3)
  An orc wizard (D:4)
  4 gnolls (D:5)
  13 adders
  2 shadow imps
  2 worms (D:4)
  A dart slug (D:1)
  12 orcs
  7 endoplasms
  4 giant cockroaches
  9 goblins
  7 hobgoblins
  11 jackals
  A quokka (D:1)
  5 ball pythons
  10 bats
  A frilled lizard (D:2)
  15 kobolds
  6 rats
142 creatures vanquished.

Vanquished Creatures (others)
  21 plants
21 creatures vanquished.

Grand Total: 163 creatures vanquished

Table legend:
 A = Non-vault XP
 B = Vault XP
 C = Vault XP percentage of total XP
 D = Non-vault monster count
 E = Vault monster count
 F = Vault count percentage of total count
                 A         B        C        D         E       F
            +---------+---------+-------+---------+---------+-------
      Total |    2525 |     570 |  18.4 |     133 |       9 |   6.3
            +---------+---------+-------+---------+---------+-------
        D:1 |      65 |       0 |   0.0 |      37 |       0 |   0.0
        D:2 |      73 |       4 |   5.2 |      18 |       2 |  10.0
        D:3 |     140 |      35 |  20.0 |      14 |       1 |   6.7
        D:4 |     359 |     531 |  59.7 |      23 |       6 |  20.7
        D:5 |     485 |       0 |   0.0 |      17 |       0 |   0.0
        D:6 |    1403 |       0 |   0.0 |      24 |       0 |   0.0
            +---------+---------+-------+---------+---------+-------

Illustrated notes

Table legend:
 A = Kills in this place as a percentage of kills in entire the game.
 B = Kills by you in this place as a percentage of kills by you in the entire game.
 C = Kills by friends in this place as a percentage of kills by friends in the entire game.
 D = Other kills in this place as a percentage of other kills in the entire game.
 E = Experience gained in this place as a percentage of experience gained in the entire game.
 F = Experience gained in this place divided by the number of levels of this place that you have seen.
                   A       B       C       D       E      F
               +-------+-------+-------+-------+-------+----------------------
         Total | 100.0 | 100.0 |   N/A |   N/A | 100.0 | 515.8
       Dungeon | 100.0 | 100.0 |   N/A |   N/A | 100.0 | 515.8
               +-------+-------+-------+-------+-------+----------------------

Table legend: (Time is in decaauts)
 A = Elapsed time spent in this place.
 B = Non-inter-level travel time spent in this place.
 C = Inter-level travel time spent in this place.
 D = Time resting spent in this place.
 E = Time spent auto-exploring this place.
 F = Levels seen in this place.
 G = Mean time per level.
                   A        B        C        D        E       F      G
               +--------+--------+--------+--------+--------+-----+--------+
         Total |   8263 |   8030 |    233 |    629 |   6178 |   6 | 1377.2 |
       Dungeon |   8263 |   8030 |    233 |    629 |   6178 |   6 | 1377.2 |
               +--------+--------+--------+--------+--------+-----+--------+

Top non-repeatable levels by time:
     D:1: 1703 daAuts
     D:4: 1588 daAuts
     D:5: 1569 daAuts
     D:3: 1179 daAuts
     D:2: 1175 daAuts
     D:6: 1048 daAuts
